 Dungeon Crawl Stone Soup version 0.27-a0-1532-gca18f49f40 (webtiles) character file.

Game seed: 11792627693007900686

1665 nyamberluvr69 the Slasher (level 9, 0/64 HPs)
             Began as an Octopode Berserker on July 12, 2021.
             Was an Elder of Trog.
             Slain by a gnoll (4 damage)
             ... on level 7 of the Dungeon.
             The game lasted 00:08:01 (6701 turns).

nyamberluvr69 the Slasher (Octopode Berserker)      Turns: 6701, Time: 00:08:02

Health: 0/64       AC:  1    Str: 16    XL:     9   Next: 1%
Magic:  0/9        EV: 16    Int:  9    God:    Trog [****..]
Gold:   367        SH:  0    Dex: 15    Spells: 8/8 levels left

rFire    . . .     SeeInvis +   q - +2 long sword (holy)
rCold    . . .     Faith    .   (no shield)
rNeg     . . .     Spirit   +   (helmet restricted)
rPois    .         Reflect  .   f - amulet of guardian spirit
rElec    .         Harm     .   i - ring of see invisible
rCorr    .         Rampage  .   (no ring)
Will     ++...                  (no ring)
Stlth    ++........             (no ring)
HPRegen  1.20/turn              (no ring)
MPRegen  0.11/turn              (no ring)
                                (no ring)
                                (no ring)

@: strong-willed, on berserk cooldown, regenerating, slowed, very slow
A: almost no armour, amphibious, 8 rings, camouflage 1, gelatinous body 1,
(nimble swimmer 1), tentacles
a: Renounce Religion, Berserk, Trog's Hand, Brothers in Arms


You were on level 7 of the Dungeon.
You worshipped Trog.
Trog was greatly pleased with you.
You visited 1 branch of the dungeon, and saw 7 of its levels.
You also visited: Sewer.

You collected 367 gold pieces.

Inventory:

Hand Weapons
 a - a +0 falchion
 m - a +0 short sword of holy wrath
 q - a +2 long sword of holy wrath (weapon)
 C - a +1 rapier of venom
Missiles
 r - a curare-tipped dart (quivered)
Jewellery
 f - an amulet of guardian spirit (around mantle)
 i - a ring of see invisible (left tentacle)
Wands
 o - a wand of paralysis (9)
 v - a wand of iceblast (9)
 w - a wand of charming (8)
 z - a wand of acid (8)
 A - a wand of polymorph (9)
Scrolls
 c - 6 scrolls of identify {unknown}
 d - 2 scrolls of immolation {unknown}
 e - 3 scrolls of magic mapping {unknown}
 k - a scroll of fog {unknown}
 l - 3 scrolls of enchant weapon {unknown}
 p - a scroll of enchant armour {unknown}
 u - a scroll of fear {unknown}
 y - 2 scrolls of teleportation {unknown}
Potions
 b - 2 potions of resistance {unknown}
 g - 2 potions of cancellation {unknown}
 h - 5 potions of might {unknown}
 j - 5 potions of curing {unknown}
 n - 10 potions of heal wounds {unknown}
 s - 3 potions of flight {unknown}
 t - a potion of berserk rage {unknown}
 x - a potion of invisibility {unknown}
 B - a potion of brilliance {unknown}


   Skills:
 - Level 7.3 Fighting
 - Level 7.3 Long Blades
 + Level 6.5 Dodging


You had 8 spell levels left.
You didn't know any spells.
Your spell library was empty.

Dungeon Overview and Level Annotations

Branches:
Dungeon (7/15)             Temple (0/1) D:7           Sewer (visited)

Altars:
Qazlal


Innate Abilities, Weirdness & Mutations

You cannot wear most types of armour.
You are amphibious.
You can wear up to eight rings at the same time.
Your skin changes colour to match your surroundings (Stealth+).
Your rubbery body absorbs attacks. (AC +1, EV +1)
((You are camouflaged near water. (Stealth+)))
You have tentacles for arms and can constrict up to eight enemies at once.


Message History

You feel very sick.
The gnoll shouts!
The gnoll hits you from afar with a +0 halberd!
The gnoll hits you with a +0 whip! The gnoll barely misses you.
Things that are here:
19 gold pieces; a water moccasin corpse You barely miss the gnoll.
You grab the gnoll. You constrict the gnoll.
You feel very sick. The gnoll barely misses you.
You release your grip on the gnoll.
You feel very sick. The gnoll completely misses you.
You feel a strong urge to attack something.
You feel very sick.
You feel sick.
You feel your anger nearly subside.
You are no longer berserk.
You are exhausted.
You feel yourself slow down.
You feel sick.
You feel very sick.
You feel sick.
You feel sick.
You feel sick. The gnoll hits you with a +0 whip.
* * * LOW HITPOINT WARNING * * *
You feel sick.
You feel sick.
You are no longer poisoned.
The gnoll barely misses you. The gnoll completely misses you.
The gnoll barely misses you. The gnoll misses you. x2
The gnoll closely misses you.
The gnoll hits you from afar with a +0 halberd.
* * * LOW HITPOINT WARNING * * *
The wyvern hisses menacingly.
Okay, then.
Your skin crawls.
You feel strong-willed.
The gnoll hits you from afar with a +0 halberd!
* * * LOW HITPOINT WARNING * * *
The gnoll hits you with a +0 whip.
You die...

#.. #g# # .. #.# ###.# #.#
....# #g### #..## #..
######...## #...###.#
##....g.#..## ..# ..##
##....g...#..#
..####...####...g......#.#
.....##........>@l.....#.#
##.#....####...........#.####
#..##..#####..........#....#
##.........................#
#...#######.........##....#
......................##....#
###.#.....###..........######
###.#####..##..........#
#...# .##..........#


You could see a wyvern and 4 gnolls.

Vanquished Creatures
  A water moccasin (D:7)
  An orc warrior (D:7)
  2 black bears
  An ice beast (D:7)
  A sky beast (D:6)
  A necrophage (D:7)
  An ogre (D:6)
  A phantom (D:4)
  A kobold brigand (Sewer)
  A scorpion (D:5)
  A wyvern zombie (D:6)
  2 water moccasin skeletons
  A centaur zombie (D:7)
  3 hounds
  An orc priest (D:4)
  3 iguanas
  4 orc wizards
  A howler monkey skeleton (D:7)
  4 adders
  A white imp (D:6)
  3 ufetubi
  An adder zombie (D:5)
  A dart slug (D:1)
  3 worms
  29 orcs
  9 bats
  4 endoplasms
  8 giant cockroaches
  7 hobgoblins
  14 jackals
  22 kobolds
  2 quokkas
  13 ball pythons
  12 frilled lizards
  7 goblins
  8 rats
175 creatures vanquished.

Vanquished Creatures (others)
  3 plants (D:3)
3 creatures vanquished.

Grand Total: 178 creatures vanquished

Notes
Turn   | Place    | Note
-------+----------+-------------------------------------------
     0 | D:1      | nyamberluvr69 the Octopode Berserker began the quest for
                  | the Orb.
     0 | D:1      | Reached XP level 1. HP: 16/16 MP: 1/1
   146 | D:1      | Reached XP level 2. HP: 18/21 MP: 2/2
   604 | D:1      | Reached XP level 3. HP: 24/26 MP: 3/3
   781 | D:1      | Reached ** piety under Trog
  1193 | D:2      | Found a faded altar of an unknown god.
  1285 | D:2      | Reached XP level 4. HP: 33/33 MP: 4/4
  2102 | D:3      | Reached XP level 5. HP: 38/38 MP: 5/5
  2105 | D:3      | Reached *** piety under Trog
  2527 | D:4      | Noticed a phantom
  2533 | D:4      | Killed a phantom
  2572 | D:4      | Reached skill level 5 in Fighting
  2572 | D:4      | Reached skill level 5 in Long Blades
  2572 | D:4      | Reached XP level 6. HP: 25/45 MP: 2/6
  2680 | D:4      | Found a glowing drain.
  2703 | Sewer    | Entered a sewer
  2874 | Sewer    | Reached **** piety under Trog
  3730 | D:4      | Reached XP level 7. HP: 51/51 MP: 7/7
  3824 | D:5      | Entered Level 5 of the Dungeon
  5219 | D:6      | Reached XP level 8. HP: 50/58 MP: 5/8
  6233 | D:7      | Found a stormy altar of Qazlal.
  6306 | D:7      | Found a staircase to the Ecumenical Temple.
  6333 | D:7      | Reached skill level 5 in Dodging
  6678 | D:7      | Noticed a wyvern
  6683 | D:7      | Reached XP level 9. HP: 62/64 MP: 6/9
  6701 | D:7      | Slain by a gnoll

Illustrated notes

Levels and vault maps discovered:
D:1:      scummos_arrival_hexagon, layout_loops_cross, minmay_indecisive_spiral
D:2:      layout_loops_cross, hellmonk_ecumenical_altar_leap_of_faith
D:3:      layout_basic, minmay_lizard_king
D:4:      layout_loops_cross, cheibrodos_sewer_entry_drain
D:5:      layout_basic
D:6:      layout_gridville, hangedman_abyss_or_decor_lesser_grid
D:7:      layout_rooms, mainiacjoe_overflow_boulevard,
          minmay_temple_entry_slanted, minmay_strange_pillars

Skill      XL: |  1  2  3  4  5  6  7  8 |
---------------+-------------------------+-----
Long Blades    | 4 5 6 7 |  7.3
Fighting       | 4 5 6 7 |  7.3
Dodging        | 6 |  6.5

Action                   |  1- 3 |  4- 6 |  7- 9 || total
-------------------------+-------+-------+-------++-------
Melee: Falchion          |    60 |    72 |       ||   132
       Constrict         |    17 |    43 |    22 ||    82
       Tentacles         |    12 |    35 |    26 ||    73
       Long sword        |       |    62 |   101 ||   163
Invok: Berserk           |       |     4 |     4 ||     8
       Trog's Hand       |       |       |     1 ||     1
 Stab: Distracted        |     1 |       |       ||     1
       Sleeping          |     6 |     9 |     4 ||    19
Armor: Skin              |     2 |     6 |     3 ||    11
Dodge: Dodged            |    32 |    86 |    80 ||   198
       Rpst.: Falchion   |    11 |    13 |       ||    24
       Long sword        |       |    15 |    16 ||    31

Table legend: (Time is in decaauts)
 A = Elapsed time spent in this place.
 B = Non-inter-level travel time spent in this place.
 C = Inter-level travel time spent in this place.
 D = Time resting spent in this place.
 E = Time spent auto-exploring this place.
 F = Levels seen in this place.
 G = Mean time per level.
                   A        B        C        D        E       F      G
               +--------+--------+--------+--------+--------+-----+--------+
         Total |   6796 |   6664 |    132 |    801 |   4797 |   8 |  849.5 |
       Dungeon |   6171 |   6039 |    132 |    593 |   4561 |   7 |  881.6 |
         Sewer |    625 |    625 |      0 |    208 |    236 |   1 |  625.0 |
               +--------+--------+--------+--------+--------+-----+--------+

Top non-repeatable levels by time:
     D:6: 1216 daAuts
     D:1: 1049 daAuts
     D:5: 1014 daAuts
     D:2: 776 daAuts
     D:4: 738 daAuts
     D:3: 692 daAuts
     D:7: 683 daAuts
   Sewer: 625 daAuts
